 Dungeon Crawl Stone Soup version 0.23-a0-556-g351818a (webtiles) character file.

276 zishaf the Chucker (level 6, -11/61 HPs)
             Began as a Troll Hunter on Dec 11, 2018.
             Mangled by an ogre
             ... wielding a +0 giant club
              (28 damage)
             ... on level 4 of the Dungeon.
             The game lasted 00:05:21 (2205 turns).

zishaf the Chucker (Troll Hunter)                   Turns: 2205, Time: 00:05:21

Health: -11/61     AC:  6    Str: 21    XL:     6   Next: 4%
Magic:  5/5        EV: 10    Int:  9    God:
Gold:   123        SH:  0    Dex: 10    Spells: 5/5 levels left

rFire    . . .     SeeInvis .   u - +4 quarterstaff (chaos)
rCold    . . .     Gourm    +   (shield currently unavailable)
rNeg     . . .     Faith    .   b - +0 robe
rPois    .         Spirit   .   (helmet restricted)
rElec    .         Reflect  .   t - +0 cloak (curse)
rCorr    .         Harm     .   (gloves unavailable)
MR       .....     Rnd*Tele +   (boots unavailable)
Stlth    +.........             (no amulet)
HPRegen  0.60/turn              p - ring of teleportation (curse)
MPRegen  0.09/turn              (no ring)

@: no status effects
A: large, unfitting armour, claws 3, fast metabolism 3, gourmand, regeneration
1, shaggy fur 1, tough skin 2
a: no special abilities


You were on level 4 of the Dungeon.
You were completely stuffed.

You visited 1 branch of the dungeon, and saw 4 of its levels.

You collected 123 gold pieces.

Inventory:

Hand Weapons
 u - a +4 quarterstaff of chaos (weapon)
Missiles
 c - 5 large rocks
 d - 2 throwing nets
 j - 4 javelins
 y - 4 tomahawks (quivered)
Armour
 b - a +0 robe (worn)
 t - a cursed +0 cloak (worn)
Jewellery
 p - a cursed ring of teleportation (left claw)
Wands
 w - a wand of paralysis (7)
Scrolls
 a - a scroll of magic mapping {unknown}
 h - 3 scrolls of identify {unknown}
 i - 4 scrolls of remove curse {unknown}
 m - a scroll of random uselessness {unknown}
 n - a scroll of teleportation {unknown}
 q - a scroll of blinking {unknown}
 s - a scroll of enchant weapon {unknown}
 v - a scroll of enchant armour {unknown}
 x - a scroll of fear {unknown}
Potions
 e - 2 potions of invisibility {unknown}
 g - 2 potions of curing {unknown}
 k - a potion of flight {unknown}
 o - a potion of degeneration {unknown}
 r - a potion of heal wounds {unknown}
Comestibles
 f - 8 rations
 l - 2 chunks of flesh


   Skills:
 + Level 3.1 Fighting
 - Level 4.0 Throwing
 + Level 3.1 Dodging
 - Level 0.3 Stealth
 + Level 3.1 Unarmed Combat


You had 5 spell levels left.
You didn't know any spells.
Your spell library contained the following spells:

 Spells                   Type           Power        Failure   Level  Hunger
 Confusing Touch          Hex            #.....       38%         1    ##.....
 Confuse                  Hex            #.......     77%         3    ####...
 Gell's Gravitas          Tloc           #.........   77%         3    ####...
 Petrify                  Tmut/Erth      #.......     99%         4    #####..
 Metabolic Englaciation   Hex/Ice        #.........   100%        5    ######.
 Yara's Violent Unravell  Hex/Tmut       #.........   100%        5    ######.


Dungeon Overview and Level Annotations

Branches:
Dungeon (4/15)
 Temple: D:4-7

Altars:
Nemelex Xobeh
Uskayaw


Innate Abilities, Weirdness & Mutations

You are too large for most types of armour.
You have claws for hands.
Your metabolism is lightning-fast.
You like to eat raw meat.
Your natural rate of healing is unusually fast.
You are covered in fur. (AC +1)
You have very tough skin. (AC +2)


Message History

The ogre is moderately wounded.
The ogre misses you. The quokka barely misses you. The ogre barely misses you.
The quokka closely misses you.
You thump the ogre! You burn the ogre.
The ogre is severely wounded.
The quokka closely misses you. The ogre completely misses you.
You thump the ogre!
You hear a crackling sound.
The ogre is severely wounded.
The ogre hits you with a +0 giant club!!
* * * LOW HITPOINT WARNING * * *
The quokka bites you but does no damage.
The quokka bites you.
* * * LOW HITPOINT WARNING * * *
The ogre misses you. The quokka barely misses you.
You barely miss the ogre.
The ogre is severely wounded.
The ogre hits you with a +0 giant club!!
You die...

... #
#.# .#
##.###.
+.....
#....
... #s#
##O##
+r@.#
#...#
#...#
#...+
....#
##..##
#..#
#...


You could see an ogre (berserk), a quokka and a giant cockroach.

Vanquished Creatures
  An ice beast (D:3)
  Crazy Yiuf (D:2)
  4 gnolls (D:3)
  3 adders
  2 oozes (D:1)
  3 worms
  A dart slug (D:3)
  3 leopard geckos
  4 orcs (D:3)
  3 ball pythons
  A giant cockroach (D:3)
  7 goblins
  6 hobgoblins
  9 jackals
  4 kobolds
  A quokka (D:2)
  10 bats
  2 frilled lizards (D:2)
  2 rats
67 creatures vanquished.

Notes
Turn   | Place    | Note
-------+----------+-------------------------------------------
     0 | D:1      | zishaf the Troll Hunter began the quest for the Orb.
     0 | D:1      | Reached XP level 1. HP: 19/19 MP: 0/0
   283 | D:1      | Reached XP level 2. HP: 28/28 MP: 1/1
   915 | D:2      | Reached skill level 4 in Throwing
   941 | D:2      | Reached skill level 1 in Unarmed Combat
   949 | D:2      | Reached XP level 3. HP: 33/35 MP: 2/2
  1063 | D:2      | Found a runed door.
  1299 | D:2      | Found a hide-covered altar of Uskayaw.
  1299 | D:2      | Found a sparkling altar of Nemelex Xobeh.
  1338 | D:2      | Reached XP level 4. HP: 31/42 MP: 3/3
  1465 | D:2      | Noticed Crazy Yiuf
  1477 | D:2      | Killed Crazy Yiuf
  1534 | D:3      | Noticed an ice beast
  1542 | D:3      | Killed an ice beast
  1542 | D:3      | Reached XP level 5. HP: 35/52 MP: 4/4
  1715 | D:3      | Found a faded altar of an unknown god.
  1978 | D:3      | Reached XP level 6. HP: 60/61 MP: 5/5
  2205 | D:4      | Mangled by an ogre

Vault maps used:
D:1:      eino_arrival_tree_alley
D:2:      gammafunk_temple_overflow_wave, minmay_crystal_room,
          minmay_pentomino_z2, uniq_crazy_yiuf_cottage
D:3:      first_ration, chequers_ecumenical_altar_twisty
D:4:      uniq_robin, uniq_grinder, uniq_pikel

Skill      XL: |  1  2  3  4  5 |
---------------+----------------+-----
Throwing       | 4 |  4.0
Unarmed Combat | 1 2 3 |  3.1
Fighting       | 2 3 |  3.1
Dodging        | 2 3 |  3.1
Stealth        | |  0.3

Action                   |  1- 3 |  4- 6 || total
-------------------------+-------+-------++-------
Melee: Unarmed           |   121 |    10 ||   131
       Quarterstaff      |       |    58 ||    58
Throw: Tomahawk          |       |     5 ||     5
       Large rock        |       |     4 ||     4
 Stab: Sleeping          |     1 |     1 ||     2
  Eat: Chunk             |    18 |     8 ||    26
Armor: Robe              |    52 |    31 ||    83
Dodge: Dodged            |    84 |    54 ||   138

Table legend:
 A = Non-vault XP
 B = Vault XP
 C = Vault XP percentage of total XP
 D = Non-vault monster count
 E = Vault monster count
 F = Vault count percentage of total count
                 A         B        C        D         E       F
            +---------+---------+-------+---------+---------+-------
      Total |     354 |      41 |  10.4 |      64 |       3 |   4.5
            +---------+---------+-------+---------+---------+-------
        D:1 |      28 |       0 |   0.0 |      10 |       0 |   0.0
        D:2 |      65 |      41 |  38.7 |      22 |       3 |  12.0
        D:3 |     261 |       0 |   0.0 |      32 |       0 |   0.0
            +---------+---------+-------+---------+---------+-------
